General information
- name: BNet
- type: Ladder team game (AT/RT)
- host: Battle.net
- saver: BlackSheep
map: Battleground
- players: 8
- length: 59:44
- speed: Fast
- version: 1.26 W3XP
- replay type: Public
» download(362 KB)
Players
team 1 (loser)
GottaCallSaul (
orange | 67 APM | 2375 actions | 35:36)
2 Far Seer
1 Feral Spirit
1 Chain Lighting
» actions
| Basic commands | 2 | |
| Build / train | 103 | |
| Enter build submenu | 15 | |
| Enter hero's abilities submenu | 2 | |
| Give item / drop item | 1 | |
| Right click | 1876 | |
| Select / deselect | 308 | |
| Use ability | 68 | |
2375 total
» units
| Peon | 21 | |
| Grunt | 9 | |
| Forest Troll Shadow Priest | 2 | |
| Ogre Mauler | 2 | |
| Raider | 31 | |
| Shaman | 9 | |
74 total
» upgrades
| Pillage | 1 | |
| Spiked Barricades | 2 | |
| Armor | 2 | |
| Melee Weapons | 3 | |
| Ensnare | 1 | |
| Shaman Training | 2 | |
11 total
» buildings
| Altar of Storms | 1 | |
| Orc Burrow | 4 | |
| Barracks | 1 | |
| War Mill | 1 | |
| Stronghold | 1 | |
| Voodoo Lounge | 1 | |
| Beastiary | 2 | |
| Spirit Lodge | 1 | |
| Watch Tower | 4 | |
| Fortress | 1 | |
17 total
» build order
00:10 Altar of Storms
00:14 Orc Burrow
00:18 Barracks
02:08 Orc Burrow
03:15 Orc Burrow
03:22 Orc Burrow
03:43 War Mill
07:07 Stronghold
07:50 Voodoo Lounge
09:34 Beastiary
09:51 Beastiary
09:57 Spirit Lodge
10:50 Watch Tower
10:57 Watch Tower
11:04 Watch Tower
11:13 Watch Tower
15:31 Fortress
» items
| Potion of Healing | 3 | |
| Potion of Mana | 5 | |
| Scroll of Regeneration | 1 | |
| Scroll of Speed | 4 | |
13 total
BlackSheep (
blue | 94 APM | 5636 actions | 59:44)
10 Mountain King
3 Thunder Clap
3 Storm Bolt
1 Avatar
3 Bash
» actions
| Assign group hotkey | 81 | |
| Basic commands | 297 | |
| Build / train | 238 | |
| ESC pressed | 19 | |
| Enter build submenu | 106 | |
| Enter hero's abilities submenu | 10 | |
| Give item / drop item | 15 | |
| Remove unit from queue | 7 | |
| Right click | 2619 | |
| Select / deselect | 711 | |
| Select group hotkey | 1132 | |
| Use ability | 401 | |
5636 total
» units
| Peasant | 27 | |
| Footman | 3 | |
| Rifleman | 20 | |
| Mortar Team | 6 | |
| Sorceress | 4 | |
| Flying Machine | 1 | |
| Siege Engine | 1 | |
62 total
» upgrades
| Gunpowder | 3 | |
| Masonry | 4 | |
| Armor | 3 | |
| Long Rifles | 1 | |
| Sorceress Training | 2 | |
| Fragmentation Shards | 1 | |
| Lumber Harvesting | 2 | |
| Magic Sentry | 1 | |
| Flare | 1 | |
| Plating | 3 | |
| Flak Cannons | 1 | |
| Flying Machine Bombs | 1 | |
| Backpack | 1 | |
| Ensnare | 1 | |
25 total
» buildings
| Altar of Kings | 2 | |
| Barracks | 4 | |
| Farm | 14 | |
| Lumber Mill | 6 | |
| Arcane Vault | 3 | |
| Keep | 7 | |
| Blacksmith | 2 | |
| Scout Tower | 44 | |
| Guard Tower | 65 | |
| Castle | 5 | |
| Arcane Sanctum | 3 | |
| Workshop | 4 | |
| Town Hall | 5 | |
164 total
» build order
00:59 Altar of Kings
01:01 Barracks
01:04 Farm
01:09 Farm
01:25 Lumber Mill
01:44 Farm
02:11 Arcane Vault
03:03 Farm
04:26 Keep
04:26 Keep
04:26 Keep
04:33 Blacksmith
04:40 Scout Tower
05:13 Guard Tower
05:13 Guard Tower
05:13 Guard Tower
05:14 Scout Tower
06:21 Guard Tower
06:26 Farm
07:58 Castle
07:59 Castle
08:03 Arcane Sanctum
08:05 Workshop
09:02 Arcane Sanctum
09:29 Farm
12:27 Scout Tower
12:28 Scout Tower
12:29 Scout Tower
12:34 Scout Tower
12:38 Scout Tower
12:50 Scout Tower
13:12 Guard Tower
13:18 Scout Tower
13:21 Scout Tower
13:34 Scout Tower
13:36 Town Hall
13:39 Scout Tower
14:11 Town Hall
14:15 Scout Tower
14:18 Scout Tower
14:19 Scout Tower
14:20 Scout Tower
14:29 Farm
14:43 Guard Tower
14:44 Guard Tower
14:45 Scout Tower
14:45 Guard Tower
14:47 Scout Tower
14:49 Scout Tower
14:49 Scout Tower
15:04 Guard Tower
15:04 Guard Tower
15:16 Guard Tower
15:16 Guard Tower
15:17 Guard Tower
15:25 Guard Tower
15:25 Guard Tower
15:43 Guard Tower
15:43 Guard Tower
15:43 Guard Tower
15:47 Scout Tower
15:54 Scout Tower
16:13 Guard Tower
16:13 Guard Tower
16:21 Guard Tower
16:39 Guard Tower
16:39 Guard Tower
16:40 Guard Tower
17:01 Guard Tower
19:21 Scout Tower
19:22 Scout Tower
19:22 Scout Tower
20:17 Guard Tower
20:28 Barracks
21:16 Scout Tower
21:21 Scout Tower
21:30 Scout Tower
21:38 Workshop
22:23 Guard Tower
22:23 Guard Tower
22:23 Guard Tower
22:36 Scout Tower
22:38 Scout Tower
22:40 Scout Tower
22:42 Scout Tower
23:15 Guard Tower
23:16 Guard Tower
23:16 Guard Tower
23:16 Guard Tower
23:19 Guard Tower
23:20 Guard Tower
23:20 Guard Tower
23:20 Guard Tower
32:22 Keep
32:22 Keep
33:30 Barracks
33:35 Altar of Kings
34:47 Arcane Vault
34:48 Castle
34:49 Castle
34:52 Farm
34:54 Farm
34:59 Barracks
36:04 Arcane Sanctum
36:07 Farm
36:10 Farm
36:13 Farm
36:51 Blacksmith
38:13 Farm
39:21 Farm
46:56 Town Hall
47:04 Scout Tower
47:05 Scout Tower
47:06 Scout Tower
47:07 Scout Tower
47:18 Lumber Mill
47:35 Guard Tower
47:35 Guard Tower
47:36 Guard Tower
47:36 Guard Tower
47:36 Guard Tower
47:36 Guard Tower
49:21 Town Hall
51:58 Arcane Vault
53:02 Town Hall
53:35 Scout Tower
53:36 Scout Tower
53:37 Scout Tower
53:40 Scout Tower
53:41 Scout Tower
53:43 Scout Tower
53:44 Scout Tower
53:48 Scout Tower
54:07 Workshop
54:10 Workshop
54:15 Guard Tower
54:15 Guard Tower
54:16 Guard Tower
54:17 Guard Tower
54:17 Guard Tower
54:53 Lumber Mill
55:00 Lumber Mill
55:07 Lumber Mill
55:56 Lumber Mill
» items
| Boots of Speed | 1 | |
| Staff of Teleportation | 2 | |
| Potion of Mana | 4 | |
| Scroll of Regeneration | 10 | |
| Lesser Clarity Potion | 4 | |
| Scroll of Town Portal | 6 | |
| Potion of Invisibility | 1 | |
| Scroll of Healing | 1 | |
29 total
kotgkotgkotg (
pink | 49 APM | 2817 actions | 57:52)
8 Pit Lord
3 Rain of Fire
3 Cleaving Attack
1 Doom
1 Howl of Terror
» actions
| Assign group hotkey | 92 | |
| Basic commands | 16 | |
| Build / train | 112 | |
| ESC pressed | 1 | |
| Enter build submenu | 26 | |
| Enter hero's abilities submenu | 8 | |
| Give item / drop item | 2 | |
| Remove unit from queue | 3 | |
| Right click | 1603 | |
| Select / deselect | 580 | |
| Select group hotkey | 77 | |
| Use ability | 296 | |
2817 total
» units
| Peasant | 13 | |
| Sorceress | 1 | |
| Priest | 2 | |
16 total
» upgrades
| Masonry | 3 | |
| Sorceress Training | 2 | |
| Priest Training | 1 | |
| Magic Sentry | 1 | |
| Lumber Harvesting | 1 | |
8 total
» buildings
| Lumber Mill | 2 | |
| Farm | 2 | |
| Altar of Kings | 1 | |
| Arcane Vault | 1 | |
| Scout Tower | 19 | |
| Keep | 5 | |
| Guard Tower | 4 | |
| Castle | 1 | |
| Arcane Sanctum | 1 | |
| Arcane Tower | 9 | |
45 total
» build order
00:08 Lumber Mill
00:12 Farm
00:53 Altar of Kings
01:37 Arcane Vault
01:41 Scout Tower
02:14 Keep
02:14 Keep
02:14 Keep
02:14 Keep
02:30 Guard Tower
02:37 Lumber Mill
04:50 Castle
08:18 Arcane Sanctum
09:05 Farm
12:37 Scout Tower
12:38 Scout Tower
12:39 Scout Tower
12:39 Scout Tower
13:49 Guard Tower
13:51 Scout Tower
14:27 Guard Tower
14:29 Scout Tower
16:10 Scout Tower
16:11 Scout Tower
16:32 Scout Tower
16:38 Arcane Tower
16:39 Arcane Tower
16:44 Arcane Tower
16:46 Scout Tower
16:49 Scout Tower
16:55 Arcane Tower
17:05 Arcane Tower
17:15 Arcane Tower
17:16 Scout Tower
17:21 Arcane Tower
17:51 Arcane Tower
19:01 Guard Tower
22:05 Scout Tower
23:13 Arcane Tower
23:16 Scout Tower
24:18 Scout Tower
27:11 Scout Tower
27:12 Scout Tower
27:55 Scout Tower
» items
| Scroll of Regeneration | 6 | |
| Lesser Clarity Potion | 11 | |
| Potion of Healing | 11 | |
| Potion of Mana | 5 | |
| Boots of Speed | 1 | |
| Potion of Invisibility | 4 | |
| Potion of Lesser Invulnerability | 5 | |
| Scroll of Town Portal | 9 | |
| Ivory Tower | 3 | |
| Mechanical Critter | 2 | |
57 total

»
heatty456 (
yellow | 71 APM | 2830 actions | 39:35)
4 Blademaster
2 Wind Walk
2 Critical Strike
1 Shadow Hunter
1 Healing Wave
1 Far Seer
1 Feral Spirit
» actions
| Build / train | 210 | |
| Enter build submenu | 39 | |
| Enter hero's abilities submenu | 6 | |
| Remove unit from queue | 7 | |
| Right click | 1774 | |
| Select / deselect | 581 | |
| Use ability | 213 | |
2830 total
» units
| Peon | 50 | |
| Grunt | 18 | |
| Forest Troll Shadow Priest | 8 | |
| Ogre Mauler | 7 | |
| Shaman | 18 | |
| Wind Rider | 18 | |
| Tauren | 19 | |
138 total
» upgrades
| Melee Weapons | 1 | |
| Pillage | 1 | |
| Spiked Barricades | 2 | |
| Armor | 1 | |
| Berserker Strength | 1 | |
| Witch Doctor Training | 0 | |
| Shaman Training | 2 | |
| Envenomed Spears | 1 | |
| Pulverize | 1 | |
10 total
» buildings
| Altar of Storms | 1 | |
| Orc Burrow | 8 | |
| Barracks | 1 | |
| War Mill | 1 | |
| Watch Tower | 13 | |
| Voodoo Lounge | 1 | |
| Stronghold | 5 | |
| Fortress | 3 | |
| Spirit Lodge | 1 | |
| Beastiary | 2 | |
| Tauren Totem | 2 | |
| Great Hall | 3 | |
41 total
» build order
00:14 Altar of Storms
00:20 Orc Burrow
00:44 Barracks
01:33 Orc Burrow
01:59 War Mill
03:42 Orc Burrow
04:12 Watch Tower
04:28 Watch Tower
04:42 Watch Tower
05:18 Voodoo Lounge
05:28 Watch Tower
06:41 Stronghold
06:41 Stronghold
06:41 Stronghold
08:18 Orc Burrow
09:07 Fortress
09:07 Fortress
09:43 Spirit Lodge
10:47 Beastiary
10:52 Watch Tower
11:05 Beastiary
12:24 Watch Tower
13:35 Tauren Totem
15:24 Orc Burrow
16:41 Great Hall
16:54 Watch Tower
18:03 Watch Tower
18:38 Tauren Totem
20:24 Orc Burrow
22:00 Watch Tower
24:49 Watch Tower
28:15 Watch Tower
28:40 Orc Burrow
29:42 Orc Burrow
31:27 Great Hall
31:33 Watch Tower
32:54 Great Hall
33:02 Watch Tower
» items
team 2 (winner)
TheWanderer (
purple | 39 APM | 2314 actions | 59:44)
10 Blademaster
3 Wind Walk
3 Critical Strike
1 Bladestorm
3 Mirror Image
1 Mountain King
1 Storm Bolt
» actions
| Assign group hotkey | 30 | |
| Basic commands | 90 | |
| Build / train | 99 | |
| Enter build submenu | 84 | |
| Enter hero's abilities submenu | 11 | |
| Give item / drop item | 18 | |
| Right click | 1109 | |
| Select / deselect | 415 | |
| Select group hotkey | 183 | |
| Use ability | 274 | |
2314 total
» units
| Peon | 26 | |
| Grunt | 4 | |
| Troll Batrider | 6 | |
| Troll Witch Doctor | 3 | |
| Wind Rider | 3 | |
42 total
» upgrades
| Armor | 3 | |
| Reinforced Defenses | 1 | |
| Ranged Weapons | 3 | |
| Envenomed Spears | 1 | |
8 total
» buildings
| Orc Burrow | 4 | |
| Altar of Storms | 1 | |
| Barracks | 1 | |
| Voodoo Lounge | 3 | |
| Stronghold | 2 | |
| War Mill | 1 | |
| Beastiary | 6 | |
| Watch Tower | 63 | |
| Fortress | 1 | |
| Great Hall | 3 | |
| Spirit Lodge | 1 | |
86 total
» build order
00:34 Orc Burrow
00:53 Altar of Storms
00:54 Barracks
01:11 Orc Burrow
01:52 Voodoo Lounge
02:48 Stronghold
02:49 Stronghold
04:57 War Mill
06:19 Beastiary
06:23 Watch Tower
06:24 Watch Tower
06:26 Watch Tower
06:34 Watch Tower
06:39 Watch Tower
06:41 Watch Tower
07:46 Orc Burrow
08:19 Orc Burrow
08:24 Fortress
14:50 Watch Tower
14:51 Watch Tower
14:51 Watch Tower
14:53 Watch Tower
15:34 Watch Tower
15:34 Watch Tower
15:34 Watch Tower
16:07 Watch Tower
16:14 Great Hall
16:20 Watch Tower
16:21 Watch Tower
16:21 Watch Tower
16:22 Watch Tower
16:22 Watch Tower
16:23 Watch Tower
19:16 Voodoo Lounge
20:21 Spirit Lodge
25:42 Watch Tower
25:43 Watch Tower
25:43 Watch Tower
25:43 Watch Tower
25:44 Watch Tower
25:44 Watch Tower
25:45 Watch Tower
25:46 Watch Tower
25:46 Watch Tower
25:47 Watch Tower
27:52 Watch Tower
27:53 Watch Tower
27:54 Watch Tower
27:54 Watch Tower
27:55 Watch Tower
27:57 Watch Tower
27:57 Watch Tower
27:59 Watch Tower
30:08 Watch Tower
30:09 Watch Tower
30:09 Watch Tower
30:09 Watch Tower
30:11 Watch Tower
30:16 Watch Tower
30:16 Watch Tower
30:18 Watch Tower
34:02 Watch Tower
34:03 Watch Tower
34:03 Watch Tower
34:04 Watch Tower
34:04 Watch Tower
35:02 Great Hall
35:55 Watch Tower
35:55 Watch Tower
35:56 Watch Tower
35:56 Watch Tower
35:57 Watch Tower
35:57 Watch Tower
35:58 Watch Tower
35:59 Watch Tower
36:03 Watch Tower
37:44 Voodoo Lounge
40:05 Great Hall
40:21 Beastiary
40:21 Beastiary
40:22 Beastiary
41:07 Beastiary
43:48 Beastiary
45:04 Watch Tower
45:05 Watch Tower
45:05 Watch Tower
» items
| Healing Salve | 9 | |
| Scroll of Healing | 2 | |
| Periapt of Vitality | 2 | |
| Potion of Healing | 6 | |
| Lesser Clarity Potion | 7 | |
| Potion of Mana | 6 | |
| Staff of Teleportation | 1 | |
| Scroll of Town Portal | 1 | |
34 total
popemobile3 (
green | 39 APM | 803 actions | 20:41)
3 Mountain King
2 Bash
1 Storm Bolt
» actions
| Build / train | 61 | |
| Enter build submenu | 21 | |
| Enter hero's abilities submenu | 3 | |
| Remove unit from queue | 1 | |
| Right click | 402 | |
| Select / deselect | 288 | |
| Use ability | 27 | |
803 total
» units
| Peasant | 43 | |
| Footman | 5 | |
| Dragonhawk Rider | 2 | |
| Gryphon Rider | 2 | |
52 total
» upgrades
| Lumber Harvesting | 1 | |
| Storm Hammers | 1 | |
2 total
» buildings
| Farm | 7 | |
| Altar of Kings | 1 | |
| Barracks | 1 | |
| Lumber Mill | 1 | |
| Keep | 1 | |
| Gryphon Aviary | 3 | |
| Arcane Vault | 1 | |
| Castle | 1 | |
| Scout Tower | 2 | |
18 total
» build order
01:05 Farm
01:06 Altar of Kings
01:38 Barracks
02:21 Farm
03:08 Lumber Mill
03:21 Farm
03:37 Keep
04:28 Farm
07:21 Gryphon Aviary
07:23 Gryphon Aviary
07:57 Farm
08:35 Farm
08:41 Gryphon Aviary
09:16 Arcane Vault
09:20 Castle
09:35 Farm
17:34 Scout Tower
20:10 Scout Tower

»
tk_followers (
teal | 53 APM | 2960 actions | 55:59)
7 Mountain King
3 Storm Bolt
3 Bash
1 Avatar
6 Paladin
3 Holy Light
3 Devotion Aura
5 Archmage
3 Brilliance Aura
2 Summon Water Elemental
» actions
| Assign group hotkey | 76 | |
| Basic commands | 234 | |
| Build / train | 103 | |
| ESC pressed | 12 | |
| Enter build submenu | 29 | |
| Enter hero's abilities submenu | 20 | |
| Give item / drop item | 25 | |
| Right click | 1107 | |
| Select / deselect | 447 | |
| Select group hotkey | 640 | |
| Use ability | 267 | |
2960 total
» units
| Peasant | 13 | |
| Rifleman | 10 | |
| Sorceress | 2 | |
| Spell Breaker | 1 | |
| Gryphon Rider | 3 | |
| Mortar Team | 1 | |
30 total
» upgrades
| Gunpowder | 3 | |
| Masonry | 3 | |
| Armor | 3 | |
| Long Rifles | 1 | |
| Magic Sentry | 1 | |
| Plating | 1 | |
12 total
» buildings
| Altar of Kings | 1 | |
| Farm | 7 | |
| Blacksmith | 1 | |
| Barracks | 1 | |
| Scout Tower | 4 | |
| Lumber Mill | 1 | |
| Arcane Tower | 1 | |
| Keep | 1 | |
| Arcane Vault | 1 | |
| Arcane Sanctum | 2 | |
| Castle | 1 | |
| Gryphon Aviary | 1 | |
| Workshop | 1 | |
| Guard Tower | 2 | |
| Town Hall | 4 | |
29 total
» build order
00:16 Altar of Kings
00:23 Farm
00:25 Farm
00:44 Blacksmith
01:39 Barracks
01:56 Farm
03:18 Scout Tower
03:28 Lumber Mill
03:52 Arcane Tower
03:55 Farm
05:00 Keep
06:31 Farm
06:52 Arcane Vault
07:46 Arcane Sanctum
08:18 Farm
08:21 Farm
09:16 Arcane Sanctum
12:02 Castle
13:40 Gryphon Aviary
18:08 Workshop
21:20 Scout Tower
22:23 Guard Tower
22:28 Scout Tower
23:22 Scout Tower
23:23 Guard Tower
24:56 Town Hall
41:26 Town Hall
49:11 Town Hall
49:55 Town Hall
» items
| Boots of Speed | 1 | |
| Scroll of Regeneration | 6 | |
| Lesser Clarity Potion | 4 | |
| Potion of Healing | 6 | |
| Mechanical Critter | 1 | |
| Orb of Fire | 2 | |
| Staff of Sanctuary | 3 | |
| Scroll of Town Portal | 3 | |
| Potion of Lesser Invulnerability | 3 | |
| Scroll of Protection | 3 | |
| Scroll of Healing | 1 | |
33 total
fujiapple (
red | 30 APM | 1770 actions | 59:33)
4 Archmage
2 Summon Water Elemental
2 Brilliance Aura
1 Mountain King
1 Storm Bolt
» actions
| Assign group hotkey | 370 | |
| Basic commands | 2 | |
| Build / train | 98 | |
| Enter build submenu | 26 | |
| Enter hero's abilities submenu | 5 | |
| Right click | 593 | |
| Select / deselect | 376 | |
| Select group hotkey | 169 | |
| Use ability | 131 | |
1770 total
» units
| Peasant | 41 | |
| Rifleman | 7 | |
| Mortar Team | 16 | |
| Knight | 3 | |
| Siege Engine | 2 | |
| Dragonhawk Rider | 1 | |
70 total
» upgrades
| Gunpowder | 2 | |
| Armor | 3 | |
| Lumber Harvesting | 2 | |
| Long Rifles | 1 | |
| Swords | 1 | |
| Plating | 1 | |
| Animal War Training | 1 | |
| Fragmentation Shards | 1 | |
| Barrage | 1 | |
| Flare | 1 | |
14 total
» buildings
| Altar of Kings | 1 | |
| Farm | 12 | |
| Blacksmith | 1 | |
| Scout Tower | 3 | |
| Arcane Tower | 2 | |
| Barracks | 1 | |
| Lumber Mill | 2 | |
| Keep | 1 | |
| Arcane Vault | 1 | |
| Workshop | 2 | |
| Castle | 2 | |
| Town Hall | 2 | |
30 total
» build order
00:10 Altar of Kings
00:15 Farm
00:46 Blacksmith
01:08 Farm
01:24 Scout Tower
01:58 Arcane Tower
02:29 Barracks
03:10 Lumber Mill
03:14 Farm
04:06 Farm
04:07 Farm
05:04 Keep
05:18 Arcane Vault
06:31 Farm
07:39 Workshop
07:41 Castle
09:32 Scout Tower
10:40 Arcane Tower
11:23 Castle
11:29 Farm
12:27 Farm
13:24 Workshop
15:44 Farm
16:19 Lumber Mill
18:00 Farm
18:41 Farm
19:36 Farm
20:39 Scout Tower
26:26 Town Hall
35:58 Town Hall
» items
Chat log
(00:17 / Allies) kotgkotgkotg: its illegal to be gay
(00:32 / All) heatty456: stop breaking the law then
(00:34 / Allies) GottaCallSaul: then leave pink
(00:39 / All) BlackSheep: Yeah get out
(00:45 / All) BlackSheep: If it's illegal to be gay you are sure one faggot
(00:46 / Allies) kotgkotgkotg: roger that
(03:16 / Allies) heatty456: rush
(04:52 / All) TheWanderer: I should do custom key for hero ability
(05:01 / All) BlackSheep: I put them all on D, F, G so they are consistent between heroes
(05:03 / All) BlackSheep: and leave ultis the same
(05:25 / All) TheWanderer: I just need to change for select
(09:24 / All) TheWanderer: Better call Saul!
(09:26 / Allies) GottaCallSaul: fuck iot im team killing
(09:33 / Allies) BlackSheep: How come
(09:45 / Allies) GottaCallSaul: yeah definitely will
(10:01 / Allies) kotgkotgkotg: that makes you gayer than me
(10:07 / All) BlackSheep: Must really be a hard rape orange got
(10:08 / All) BlackSheep: he wants to tk
(10:09 / Allies) heatty456: thats illegal
(10:23 / Allies) kotgkotgkotg: y
(10:41 / Allies) GottaCallSaul: purple has bats
(12:11 / Allies) BlackSheep: Don't lure them to my expo faggot pink
(12:21 / All) BlackSheep: faggot pink
(13:00 / All) TheWanderer: he has mh?
(13:03 / All) kotgkotgkotg: y
(13:20 / All) TheWanderer: I was in your base
(13:25 / Allies) BlackSheep: move please
(13:27 / Allies) BlackSheep: so I can build
(13:29 / All) kotgkotgkotg: i have wards
(13:31 / All) kotgkotgkotg: but i still mh
(13:34 / All) kotgkotgkotg: anyway
(13:46 / Allies) BlackSheep: ?
(13:56 / All) TheWanderer: orange is good at thsi game
(14:09 / All) kotgkotgkotg: call burrows orange lol
(16:28 / All) BlackSheep: feck
(16:32 / All) BlackSheep: Still getting used to my hotkeys
(19:18 / All) kotgkotgkotg: LOLOLOLOLOLOLOL
(19:27 / All) kotgkotgkotg: NO MANA
(19:29 / Allies) BlackSheep: expo there
(19:29 / All) kotgkotgkotg: MOTHERFUCKER :D
(19:30 / All) TheWanderer: That's a lot of mana towers
(19:31 / Allies) BlackSheep: teal peons
(20:41 / All) kotgkotgkotg: he's mad
(20:42 / Allies) heatty456: 56 k modem?
(22:16 / All) BlackSheep: lmao
(23:05 / Allies) kotgkotgkotg: net them lol
(23:07 / Allies) kotgkotgkotg: you noob
(23:35 / All) TheWanderer: HOLY FUKC
(23:38 / All) TheWanderer: STOP TAKING THJE MK
(23:43 / Allies) heatty456: pink?
(24:18 / All) TheWanderer: Fucking bitch kept taking the MK
(24:23 / All) kotgkotgkotg: me
(24:54 / All) kotgkotgkotg: nice reflexes lol
(25:53 / All) kotgkotgkotg: LOL
(25:53 / All) kotgkotgkotg: WORKERS
(25:54 / All) kotgkotgkotg: :D
(26:23 / Allies) kotgkotgkotg: help blue
(26:24 / Allies) kotgkotgkotg: lol
(26:36 / Allies) BlackSheep: coming
(26:40 / Allies) kotgkotgkotg: lol
(26:40 / Allies) kotgkotgkotg: so slow
(26:57 / All) TheWanderer: mhing faggot pink
(27:35 / Allies) kotgkotgkotg: net bm
(27:36 / Allies) kotgkotgkotg: lol..
(27:37 / Allies) kotgkotgkotg: no skill
(27:41 / Allies) kotgkotgkotg: rofl level 3
(28:15 / Allies) kotgkotgkotg: omw
(29:55 / Allies) kotgkotgkotg: yellow and blue
(29:56 / Allies) kotgkotgkotg: come
(30:00 / Allies) kotgkotgkotg: we gotta kill
(30:07 / Allies) BlackSheep: 1 sec
(30:13 / Allies) heatty456: com
(30:15 / Allies) kotgkotgkotg: purple has expo
(30:16 / Allies) heatty456: i need that mine
(30:16 / Allies) kotgkotgkotg: we will lose
(30:27 / Allies) kotgkotgkotg: blue
(30:27 / Allies) heatty456: come
(30:27 / Allies) kotgkotgkotg: fucking
(30:28 / Allies) kotgkotgkotg: idiot
(30:29 / Allies) kotgkotgkotg: just
(30:30 / Allies) kotgkotgkotg: bolt
(30:30 / Allies) kotgkotgkotg: that
(30:31 / Allies) kotgkotgkotg: hero
(30:32 / Allies) kotgkotgkotg: good
(30:33 / Allies) kotgkotgkotg: and kill it
(30:35 / Allies) kotgkotgkotg: so fucking easy
(30:35 / Allies) kotgkotgkotg: go
(30:41 / Allies) kotgkotgkotg: HE IS TOWERING
(30:41 / Allies) kotgkotgkotg: GO
(30:42 / Allies) kotgkotgkotg: FAST
(30:43 / Allies) kotgkotgkotg: GO
(30:43 / Allies) kotgkotgkotg: GO
(31:00 / All) TheWanderer: mhing faggot pink
(31:15 / Allies) BlackSheep: Help niggas
(31:15 / Allies) kotgkotgkotg: blue 6k gold
(31:16 / Allies) kotgkotgkotg: ..
(31:21 / All) heatty456: gold plz
(31:21 / Allies) kotgkotgkotg: now you fucking cry
(31:22 / Allies) heatty456: gold
(31:23 / Allies) heatty456: gold
(31:23 / Allies) kotgkotgkotg: when you got gold
(31:26 / Allies) kotgkotgkotg: why the fuck
(31:27 / Allies) kotgkotgkotg: didnt you give
(31:28 / Allies) kotgkotgkotg: gold
(31:30 / Allies) BlackSheep: Nay I'm telling you niggers to help
(31:30 / Allies) kotgkotgkotg: to yellow
(31:32 / Allies) kotgkotgkotg: you gayest fuck
(31:46 / Allies) heatty456: goldplz
(31:55 / Allies) BlackSheep: Help me
(31:56 / Allies) BlackSheep: and you get gold
(31:58 / Allies) kotgkotgkotg: die
(32:04 / Allies) heatty456: ive alrdy helped ur ass
(32:06 / Allies) heatty456: gold me now
(32:14 / Allies) BlackSheep: Then no help
(32:16 / Allies) BlackSheep: nohelp no gold
(32:23 / Allies) kotgkotgkotg: die
(32:27 / All) heatty456: blues a little bitch
(32:31 / All) heatty456: doesnt do shit all game
(32:37 / All) heatty456: complains about peeps helping
(32:44 / Allies) heatty456: pink 30 gold
(32:56 / All) BlackSheep: You sure are shit talking a lot, little man
(33:08 / All) heatty456: ur a bitch
(33:10 / All) heatty456: fuck off
(33:18 / Allies) kotgkotgkotg: def
(33:19 / Allies) kotgkotgkotg: that
(33:20 / Allies) kotgkotgkotg: or gg
(33:23 / Allies) heatty456: im the only one who has been helping ur ass
(33:24 / Allies) BlackSheep: I'm not helping you fags
(33:26 / Allies) BlackSheep: You didn't help me
(33:27 / Allies) heatty456: morts, and rigles
(33:32 / Allies) heatty456: haha yes i did
(33:35 / Allies) heatty456: the whole game
(33:40 / Allies) BlackSheep: I did more than you the whole game with a 50 food army
(33:43 / Allies) heatty456: ur too busy jerking off to relalize it
(34:06 / Allies) heatty456: im sorry, r u getting ur ass bveat?
(34:10 / All) kotgkotgkotg: RUN.
(34:23 / All) kotgkotgkotg: why do i even bother
(34:25 / All) kotgkotgkotg: with 2 idiots :D
(34:35 / All) BlackSheep: 3
(34:40 / All) BlackSheep: and they are yellow, orange, pink
(35:43 / All) heatty456: garbage teammates
(35:45 / All) BlackSheep: Looks like orange is pussing out now
(35:48 / All) tk_followers: ya u
(35:51 / All) BlackSheep: Yellow you are 1077-1147
(35:53 / All) BlackSheep: you are below 50%
(35:54 / All) tk_followers: purple too, he has 6k gold
(36:12 / All) heatty456: really?
(36:13 / All) kotgkotgkotg: lol red army
(36:26 / All) heatty456: ur worried about records with 6 k gold
(36:30 / All) heatty456: fucking lame ass bitches
(36:34 / All) kotgkotgkotg: xD
(36:35 / All) kotgkotgkotg: red
(36:39 / All) BlackSheep: I don't have to worry about mine
(36:42 / All) heatty456: suck ass blue
(36:45 / All) TheWanderer: lawl mher
(37:09 / All) TheWanderer: admit you hack
(37:13 / All) kotgkotgkotg: i did lol
(37:20 / All) kotgkotgkotg: i have wards everywhere
(37:20 / All) TheWanderer: You suck balls even with mh
(37:27 / All) TheWanderer: Yeah sure lawl
(37:35 / All) kotgkotgkotg: i dont even care awesome!
(37:41 / All) fujiapple: U GUYS CHEAT SO HARD
(37:57 / All) BlackSheep: lawl
(38:00 / All) BlackSheep: Nice mortars red
(39:12 / All) TheWanderer: nowhere for you to hide
(39:33 / All) kotgkotgkotg: gg yellow
(39:40 / All) kotgkotgkotg: rofl
(39:59 / All) kotgkotgkotg: I HELP :D
(40:20 / All) BlackSheep: You're an insufferable faggot and your pitlord comes near me again I'll kill it myself
(40:27 / All) kotgkotgkotg: k
(40:50 / All) kotgkotgkotg: suck my cock xd
(40:55 / All) kotgkotgkotg: LOLOLOL
(40:56 / All) kotgkotgkotg: UNITS
(42:36 / All) fujiapple: purp can i get a g plz to rebuild
(43:00 / All) BlackSheep: RAPED
(44:18 / All) kotgkotgkotg: purple
(44:19 / All) kotgkotgkotg: nice hero
(44:24 / All) kotgkotgkotg: would be a shame
(44:27 / All) kotgkotgkotg: if someone revealed him
(45:18 / Allies) kotgkotgkotg: blue
(45:19 / Allies) kotgkotgkotg: if only
(45:21 / Allies) kotgkotgkotg: you had a dick
(45:23 / Allies) kotgkotgkotg: you would win
(45:24 / Allies) kotgkotgkotg: lol
(45:38 / Allies) kotgkotgkotg: give me 2k gold
(45:40 / Allies) kotgkotgkotg: and i will win this
(45:41 / Allies) BlackSheep: No
(45:45 / Allies) kotgkotgkotg: oki doki
(45:47 / Allies) kotgkotgkotg: afk
(45:50 / Allies) BlackSheep: You are an insufferable faggot
(45:55 / Allies) kotgkotgkotg: yeah yeah
(45:57 / Allies) kotgkotgkotg: american dipshit
(45:58 / Allies) BlackSheep: and desperate for the win
(45:59 / Allies) kotgkotgkotg: go on
(46:00 / Allies) BlackSheep: I'm not american
(46:02 / Allies) BlackSheep: What are you?
(46:04 / Allies) kotgkotgkotg: yeah yeah
(46:05 / Allies) BlackSheep: lawl
(46:12 / Allies) BlackSheep: jag är inte amerikansk
(46:30 / Allies) BlackSheep: pedicabo ego vos et irrumabo
(48:00 / All) fujiapple: yes he is
(48:08 / All) BlackSheep: Yes who is what?
(49:07 / All) BlackSheep: You're not AFk
(49:09 / Allies) kotgkotgkotg: why?
(49:15 / Allies) BlackSheep: Why what?
(49:52 / All) kotgkotgkotg: OK
(49:54 / All) kotgkotgkotg: LETS PLAY ROUGH
(49:57 / All) kotgkotgkotg: YOU SWEEEEDISH PUSSY
(50:47 / All) TheWanderer: forgot I didn
(50:50 / All) BlackSheep: FAGGOT DOWN
(50:51 / All) TheWanderer: t have tp
(51:15 / All) TheWanderer: EAST BOUND AND DOWN
(51:19 / All) TheWanderer: LOADING UP AND TRUCKING
(51:26 / All) TheWanderer: WE'RE GONNA DO WHAT TEHY SAY CANT BE DONE
(54:37 / All) TheWanderer: no hero for j00
(55:10 / All) fujiapple: chip and a chair :)
(56:26 / All) BlackSheep: Pink, you here?
(56:29 / All) BlackSheep: Red?
(56:34 / All) fujiapple: yo
(56:47 / All) BlackSheep: Purple and I will give you equal chances of winning should you comply
(56:50 / All) BlackSheep: We will kill everything
(56:52 / All) BlackSheep: including our own stuff
(56:57 / All) BlackSheep: and you will have no way to finish the other
(57:02 / All) BlackSheep: You can leave your computer on all night and get the win
(57:04 / All) BlackSheep: Does that sound fair?
(57:12 / All) BlackSheep: Will you be willing to leave your PC on for the win with pink?
(57:31 / All) fujiapple: im opposite pink so that wont work
(57:40 / All) BlackSheep: Yes you are opposite to him
(57:43 / All) kotgkotgkotg: rofl
(57:45 / All) BlackSheep: hence you will not be able to finish each other
(57:49 / All) BlackSheep: and will be 50/50
(57:51 / All) kotgkotgkotg: you get a win still even if you win
(57:52 / All) BlackSheep: no way to kill the last building
(58:05 / All) BlackSheep: You get a win still even if you win?
(58:08 / All) BlackSheep: wtf does that even mean
(58:10 / All) BlackSheep: Oh well red loses now
(58:17 / All) BlackSheep: Red
(58:17 / All) fujiapple: o u mean let u and purple duke it out and one of us wil get the win
(58:20 / All) BlackSheep: Leave now and you get a tie
(58:24 / All) BlackSheep: stay and you get a loss
(58:25 / All) fujiapple: sorry read it wrong
(58:28 / All) BlackSheep: Leave and you get a tie
(58:30 / All) BlackSheep: stay and you get a loss
(58:35 / All) TheWanderer: Red you gotta leave otherwise you lose
(58:48 / All) TheWanderer: No you'll get a loss
(58:53 / All) TheWanderer: It will be like you never played this game
(58:57 / All) TheWanderer: get a tie*
(59:04 / All) TheWanderer: It doesn't go on your record
(59:08 / All) BlackSheep: Stay and you get a loss, leave and you get a tie
(59:15 / All) TheWanderer: If you leave adn your team wins it's a tie
(59:24 / All) fujiapple: w/e im trying to play but cool move guys'
(59:36 / All) BlackSheep: lawl
(59:38 / All) BlackSheep: I say my team gets the loss
(59:40 / All) BlackSheep: they are cunts
(59:43 / All) TheWanderer: Yeah